 Dungeon Crawl Stone Soup version 0.28-a0-863-g8cecda6153 (webtiles) character file.

Game seed: 13867134541379314670

19 patchburns1 the Magician (level 2, 0/22 HPs)
             Began as a Djinni Fire Elementalist on Nov 16, 2021.
             Slain by a scorpion (4 damage)
             ... on level 2 of the Dungeon.
             The game lasted 00:11:37 (1391 turns).

patchburns1 the Magician (Djinni Fire Elementalist) Turns: 1391, Time: 00:11:38

Health: 0/22       AC:  2    Str:  7    XL:     2   Next: 95%
Gold:   52         EV: 12    Int: 16    God:
                   SH:  5    Dex: 13

rFire   + + .      SeeInvis .   g - staff of conjuration
rCold   x . .      Faith    .   (no shield)
rNeg    . . .      Spirit   .   a - +0 robe
rPois   ∞          Reflect  +   (no helmet)
rElec   .          Harm     .   (no cloak)
rCorr   .          Rampage  .   (no gloves)
Will    .....                   (boots unavailable)
Stlth   ++........              c - amulet of reflection
HPRegen 0.07/turn               (no ring)
MPRegen 0.00/turn               (no ring)

@: flying
A: sickness immunity, fire resistance 2, cold vulnerability 1, float, innate
caster, hp casting, extra vitality 1
a: no special abilities


You were on level 2 of the Dungeon.
You visited 1 branch of the dungeon, and saw 2 of its levels.

You collected 52 gold pieces.

Inventory:

Hand Weapons
 b - a +0 short sword
 d - a +0 dagger
Missiles
 h - 2 silver boomerangs
 j - 16 arrows
 l - 29 stones
 m - 3 curare-tipped darts
Armour
 a - a +0 robe (worn)
 k - a +0 leather armour
Magical Staves
 g - a staff of conjuration (weapon)
Jewellery
 c - an amulet of reflection (around neck)
Potions
 e - a potion of lignification {unknown}
 f - 2 potions of curing {unknown}
 i - a potion of resistance {unknown}


   Skills:
 + Level 0.5 Fighting
 - Level 0.3 Short Blades
 + Level 0.1 Staves
 + Level 2.4 Dodging
 + Level 1.8 Stealth
 * Level 2.7 Spellcasting


You couldn't memorise any spells.
You knew the following spells:

 Your Spells              Type           Power      Damage    Failure   Level
a - Foxfire               Conj/Fire      64%        2x1d7     6%          1
b - Scorch                Fire           20%        2d6       10%         2
c - Conjure Flame         Conj/Fire      16%        6-21      19%         3
d - Inner Flame           Hex/Fire       10%        N/A       19%         3
e - Flame Wave            Conj/Fire      16%        3d5       54%         4
Your spell library was empty.

Dungeon Overview and Level Annotations

Branches:
Dungeon (2/15)

Altars:


Innate Abilities, Weirdness & Mutations

You are immune to sickness and miasma.
You are immune to poison.
Your flesh is very heat resistant. (rF++)
You are vulnerable to cold. (rC-)
You float through the air rather than walking.
You learn spells naturally, not from books.
Your magical power is your life essence.
You have superior vitality. (+4 HP)


Message History

The foxfire hits the scorpion.
The scorpion is almost dead.
The foxfire hits the scorpion but does no damage.
The scorpion is almost dead.
Casting: Foxfire (safe; 6% risk of failure)
Confirm with . or Enter, or press ? or * to list all spells.
You feel a surge of power!
You conjure some foxfire!
You closely miss the scorpion.
The scorpion is almost dead.
The foxfire hits the scorpion but does no damage.
The scorpion is almost dead.
The foxfire hits the scorpion.
The scorpion is almost dead.
You block the scorpion's attack.
You barely miss the scorpion.
The scorpion is almost dead.
The scorpion closely misses you. The scorpion misses you.
You hit the scorpion but do no damage.
The scorpion is almost dead.
The scorpion misses you.
You barely miss the scorpion.
The scorpion is almost dead.
The scorpion stings you.
The scorpion stings you but does no damage.
You closely miss the scorpion.
The scorpion is almost dead.
The scorpion stings you!
* * * LOW HITPOINT WARNING * * *
You closely miss the scorpion.
The scorpion is almost dead.
You block the scorpion's attack. x2
You hit the scorpion but do no damage.
The scorpion is almost dead.
The scorpion stings you.
* * * LOW HITPOINT WARNING * * *
You block the scorpion's attack. The scorpion barely misses you.
There is a stone staircase leading up here.
The scorpion stings you.
You die...

. .# #####. #..#
#...#.##+##..#
#.#.#........# #@#.#
#...##.# #s..# #...##.#
#.#####†..##.##
#.............#
###.#.............###.
.......................
####.#.#...........###.
#.#.#.#####.##### .
....# #.#


You could see a scorpion.

Vanquished Creatures
  A giant cockroach (D:2)
  4 goblins (D:1)
  4 hobgoblins
  A kobold (D:1)
  A quokka (D:2)
  A ball python (D:1)
  2 bats (D:1)
  A frilled lizard (D:1)
  A rat (D:1)
16 creatures vanquished.

Vanquished Creatures (others)
  36 foxfires
36 creatures vanquished.

Grand Total: 52 creatures vanquished

Notes
Turn   | Place    | Note
-------+----------+-------------------------------------------
     0 | D:1      | patchburns1 the Djinni Fire Elementalist began the quest
                  | for the Orb.
     0 | D:1      | Reached XP level 1. HP: 15/15 MP: 0/0
   328 | D:1      | Reached XP level 2. HP: 20/21 MP: 0/0
  1359 | D:2      | Noticed a scorpion
  1391 | D:2      | Slain by a scorpion

Illustrated notes

Levels and vault maps discovered:
D:1:      erik_arrival_cave_to_civilisation [erik_arrival_cave_to_hall],
          layout_basic, chequers_serial_rivers_small_b
D:2:      layout_basic, basic_ecumenical_altar, dk_noncrumbling_2,
          minmay_misc_feat_room, uniq_terence

Action                   || total
-------------------------++-------
Melee: Short sword       ||     1
       Staff             ||    22
       Dagger            ||     5
 Cast: Foxfire           ||    25
 Stab: Sleeping          ||     1
Armor: Robe              ||     7
Dodge: Dodged            ||    10
Block: Other             ||     5

Table legend: (Time is in decaauts)
 A = Elapsed time spent in this place.
 B = Non-inter-level travel time spent in this place.
 C = Inter-level travel time spent in this place.
 D = Time resting spent in this place.
 E = Time spent auto-exploring this place.
 F = Levels seen in this place.
 G = Mean time per level.
                   A        B        C        D        E       F      G
               +--------+--------+--------+--------+--------+-----+--------+
         Total |   1393 |   1393 |      0 |    287 |    586 |   2 |  696.5 |
       Dungeon |   1393 |   1393 |      0 |    287 |    586 |   2 |  696.5 |
               +--------+--------+--------+--------+--------+-----+--------+

Top non-repeatable levels by time:
     D:1: 1335 daAuts
     D:2: 58 daAuts
